 Dungeon Crawl Stone Soup version 0.29.1-14-g9c671dbff4 (webtiles) character file.

Game seed: 11112287856630002239

170 IambicDimeter the Ducker (level 5, 0/22 HPs)
             Began as a Felid Venom Mage on Feb 12, 2023.
             Was a Follower of Qazlal.
             Slain by an orc zombie (1 damage)
             ... on level 4 of the Dungeon.
             The game lasted 00:20:30 (4455 turns).

IambicDimeter the Ducker (Felid Venom Mage)         Turns: 4455, Time: 00:20:31

Health: 0/22       AC:  2    Str:  4    XL:     5   Next: 25%
Magic:  8/10       EV: 18    Int: 18    God:    Qazlal [*.....]
Gold:   51         SH:  2    Dex: 17    Spells: 0/10 levels left
                                        Lives:  0   Deaths: 1

rFire   . . .      SeeInvis +     - Unarmed
rCold   . . .      Faith    .   (shield unavailable)
rNeg    . . .      Spirit   .   (body armour unavailable)
rPois   .          Reflect  .   (helmet unavailable)
rElec   .          Harm     .   (cloak unavailable)
rCorr   .          Rampage  .   (gloves unavailable)
Will    .....      Rnd*Tele +   (boots unavailable)
Stlth   ++........              (no amulet)
HPRegen 0.07/turn               (no ring)
MPRegen 0.12/turn               (no ring)

@: quick
A: very small, claws 1, fangs 3, see invisible, speed 1, shaggy fur 2, stealthy
paws, no weapons or thrown items, no armour, multi-lived, mutation resistance 1,
teleportitis 1
a: Renounce Religion


You were on level 4 of the Dungeon.
You worshipped Qazlal.
Qazlal was aware of your devotion.
You visited 1 branch of the dungeon, and saw 4 of its levels.

You collected 172 gold pieces.
You spent 121 gold pieces at shops.

Inventory:

Scrolls
 b - a scroll of teleportation
 e - 2 scrolls of poison
 f - a scroll of magic mapping


   Skills:
 * Level 1.6 Fighting
 * Level 3.8 Dodging
 * Level 3.6 Stealth
 * Level 1.6 Unarmed Combat
 * Level 3.0 Spellcasting
 * Level 1.4 Conjurations
 * Level 2.0 Transmutations
 * Level 1.5 Air Magic
 * Level 3.6 Poison Magic


You couldn't memorise any spells.
You knew the following spells:

 Your Spells              Type           Power      Damage    Failure   Level
a - Sting                 Tmut/Pois      48%        1d5       5%          1
b - Poisonous Vapours     Pois/Air       22%        N/A       9%          2
c - Mephitic Cloud        Conj/Pois/Air  10%        N/A       21%         3
d - Olgreb's Toxic Radia  Pois           15%        N/A       36%         4

Your spell library contained the following spells:

 Spells                   Type           Power      Damage    Failure   Level
 Fulminant Prism          Conj/Hex       2%         3d6       77%         4
 Iskenderun's Mystic Bla  Conj/Tloc      5%         2d3       77%         4
 Blade Hands              Tmut           5%         N/A       89%         5
 Lee's Rapid Deconstruct  Erth           1%         3d5*      99%         5
 Iron Shot                Conj/Erth      2%         9d2       100%        6
 Animate Armour           Summ/Erth      Unusable   N/A       N/A         4

Dungeon Overview and Level Annotations

Branches:
Dungeon (4/15)
 Temple: D:4-7

Altars:
Fedhas
Gozag
Hepliaklqana
Makhleb
Qazlal
Sif Muna
Uskayaw
Wu Jian
Xom
Yredelemnul
The Shining One

Shops:
D:2 *([([

Annotations:
D:4 Eustachio


Innate Abilities, Weirdness & Mutations

You have sharp claws.
You have razor-sharp teeth.
You have supernaturally acute eyesight. (SInv)
You cover ground quickly. (Speed+)
You are covered in thick fur. (AC +2)
Your paws help you pounce on unaware monsters.
You are incapable of wielding weapons or throwing items.
You cannot wear armour.
You gain extra lives every three experience levels.
You are somewhat resistant to further mutation.
You are occasionally teleported next to monsters.


Message History

Press: ? - help, Shift-Dir - straight line, f - Eustachio
Aim: Eustachio, wielding a +0 falchion and wearing a +1 leather armour of cold resistance (chance to affect: 81%)
The ball explodes into a vile cloud!
The stinking cloud engulfs Eustachio but does no damage.
The white imp gestures at you. The puff of frost hits you!
* * * LOW HITPOINT WARNING * * *
Eustachio is engulfed in noxious fumes.
Eustachio appears confused.
Eustachio is engulfed in noxious fumes.
The white imp is engulfed in a cloud of scalding steam.
You scratch the white imp but do no damage.
Your claw misses the white imp.
The white imp is severely wounded.
The white imp closely misses you.
The hound barks!
You scratch the white imp.
The white imp is almost dead.
The ball python bites you.
* * * LOW HITPOINT WARNING * * *
The ball python barely misses you. The white imp barely misses you.
You scratch the white imp.
You kill the white imp!
Qazlal accepts your kill. The ball python misses you. x2
Unknown command.
Okay, then.
The ball python misses you. The ball python closely misses you.
The orc zombie completely misses you.
Okay, then.
You aren't carrying any potions.
Unknown command.
The ball python misses you. x2
The orc skeleton barely misses you.
The orc zombie hits you but does no damage.
You scratch the kobold skeleton.
The kobold skeleton is severely damaged.
The ball python bites you but does no damage.
The ball python misses you. The orc skeleton misses you.
The orc zombie hits you.
You die...

#..#.................
#...........Z........
#......#.####...##...
#..#.#.######.### #
..............≈≈# #
##.#...#####..≈## ⌠##
#.#+## #.....≈# ≈≈≈#
##.#ZZ≈# ...≈#
#.#@Z≈#§...≈⌠ .
##Shw@._.≈# ##
#§§#≈...≈§ #§§# ...≈#
#" #.§# ≈≈§# #. ..≈#
⌠########. ...≈§
##....... ...##
#....... ....#
#.......


You could see Eustachio (confused), a worm, a hound, an orc zombie, a ball
python, a kobold skeleton and an orc skeleton.

Vanquished Creatures
  Sigmund (D:2)
  Natasha (thrice) (D:3)
  An adder (D:2)
  A white imp (D:4)
  2 worms (D:2)
  A dart slug (D:1)
  An orc (D:3)
  5 ball pythons
  4 endoplasms
  2 giant cockroaches
  7 goblins
  6 hobgoblins
  4 jackals
  4 quokkas
  6 bats
  6 frilled lizards
  A goblin skeleton (D:4)
  A goblin zombie (D:4)
  5 kobolds
  A kobold skeleton (D:4)
  A kobold zombie (D:4)
  7 rats
70 creatures vanquished.

Notes
Turn   | Place    | Note
-------+----------+-------------------------------------------
     0 | D:1      | IambicDimeter the Felid Venom Mage began the quest for the
                  | Orb.
     0 | D:1      | Reached XP level 1. HP: 7/7 MP: 4/4
   521 | D:1      | Reached XP level 2. HP: 11/11 MP: 4/6
   524 | D:1      | Learned a level 2 spell: Poisonous Vapours
   582 | D:2      | Noticed Sigmund
  1317 | D:1      | Reached XP level 3. HP: 10/15 MP: 1/7
  1418 | D:1      | Learned a level 3 spell: Mephitic Cloud
  1829 | D:2      | Found Quh Birale's Antique Weapon Shoppe.
  2103 | D:2      | Killed Sigmund
  2104 | D:2      | Reached skill level 1 in Fighting
  2104 | D:2      | Reached skill level 1 in Unarmed Combat
  2104 | D:2      | Reached skill level 1 in Conjurations
  2104 | D:2      | Reached skill level 1 in Air Magic
  2104 | D:2      | Reached XP level 4. HP: 8/19 MP: 2/9
  2104 | D:2      | Reached XP level 5. HP: 10/22 MP: 2/10
  2405 | D:2      | Found Yguoxotu's General Store.
  2415 | D:2      | Found Pyttest's Armour Shop.
  2478 | D:2      | Bought a potion of curing for 33 gold pieces
  2492 | D:2      | Found Laaset's Antique Weapon Emporium.
  2616 | D:2      | Found Ucoiciw's Antique Armour Boutique.
  2623 | D:2      | Found a faded altar of an unknown god.
  2710 | D:2      | Prayed at the altar of an unknown god.
  2710 | D:2      | Became a worshipper of Qazlal Stormbringer
  2710 | D:2      | Reached * piety under Qazlal
  3182 | D:3      | Found a basalt altar of Yredelemnul.
  3277 | D:2      | Bought a potion of mutation for 88 gold pieces
  3277 | D:2      | Gained mutation: You are occasionally teleported next to
                  | monsters. [potion of mutation]
  3277 | D:2      | Gained mutation: You are somewhat resistant to further
                  | mutation. [potion of mutation]
  3546 | D:3      | Found a shimmering altar of Xom.
  3560 | D:3      | Found an ornate altar of the Wu Jian Council.
  3575 | D:3      | Found a hide-covered altar of Uskayaw.
  3584 | D:3      | Found a shimmering blue altar of Sif Muna.
  3591 | D:3      | Found a blossoming altar of Fedhas.
  3608 | D:3      | Found a hazy altar of Hepliaklqana.
  3623 | D:3      | Found an opulent altar of Gozag.
  3769 | D:3      | Noticed Natasha
  3778 | D:3      | Killed Natasha
  3779 | D:3      | Gained mutation: You are covered in thick fur. (AC +2)
                  | [Felid growth]
  3779 | D:3      | Reached XP level 6. HP: 16/25 MP: 4/11
  3784 | D:3      | Learned a level 4 spell: Olgreb's Toxic Radiance
  4186 | D:3      | Noticed Natasha
  4195 | D:3      | Killed Natasha
  4204 | D:3      | Noticed Natasha
  4210 | D:3      | Killed Natasha
  4378 | D:4      | Slain by a gnoll
  4379 | D:4      | Reached XP level 5. HP: -2/22 MP: 5/10
  4414 | D:4      | Found a glowing golden altar of the Shining One.
  4446 | D:4      | Found a burning altar of Makhleb.
  4446 | D:4      | Noticed Eustachio
  4450 | D:4      | HP: 1/22 [ball python (1)]
  4455 | D:4      | Slain by an orc zombie

Illustrated notes

Levels and vault maps discovered:
D:1:      onia_arrival_mini_maze_b, layout_loops_ring
D:2:      layout_basic, serial_shops, nicolae_shop_waterfront,
          nicolae_shop_waterfront, nicolae_shop_behind_doors, shop,
          nicolae_shop_trees, shapermc_ecumenical_altar_starsandcircs,
          kennysheep_generic_room_12, uniq_sigmund
D:3:      layout_loops_ring, marbit_many_paths, grunt_temple_overflow_octagram,
          chequers_decorated_corner, uniq_natasha
D:4:      layout_basic, lightli_temple_of_fire, nicolae_tso_besieged_by_evil,
          minmay_temple_entry_proselytizer, uniq_eustachio,
          uniq_crazy_yiuf_cottage

Skill      XL: |  1  2  3  4  5  6 |
---------------+-------------------+-----
Poison Magic   | 3 |  3.6
Dodging        | 3 |  3.8
Fighting       | 1 |  1.6
Stealth        | 3 |  3.6
Unarmed Combat | 1 |  1.6
Conjurations   | 1 |  1.4
Air Magic      | 1 |  1.5
Transmutations | 2 |  2.0
Spellcasting   | 3 |  3.0

Action                   |  1- 3 |  4- 6 || total
-------------------------+-------+-------++-------
Melee: Unarmed           |    29 |    57 ||    86
       Bite              |     2 |     6 ||     8
 Cast: Sting             |    27 |     5 ||    32
       Poisonous Vapours |    20 |    18 ||    38
       Mephitic Cloud    |     1 |     8 ||     9
       Olgreb's Toxic Ra |       |     1 ||     1
  Use: Potion            |     3 |     4 ||     7
       Scroll            |     4 |     4 ||     8
 Stab: Sleeping          |     6 |       ||     6
       Confused          |     2 |     1 ||     3
Armor: Skin              |     5 |    12 ||    17
Dodge: Dodged            |    59 |    77 ||   136
